 Dungeon Crawl Stone Soup version 0.29-a0-294-g83ea962da3 (webtiles) character file.

Game seed: 8370947687405486956

160 Armakuni the Slasher (level 5, -1/40 HPs)
             Began as a Human Wanderer on Mar 18, 2022.
             Was an Initiate of Elyvilon.
             Slain by a gnoll sergeant
             ... wielding a +2 vorpal spear
              (4 damage)
             ... on level 4 of the Dungeon.
             The game lasted 00:05:17 (2534 turns).

Armakuni the Slasher (Human Wanderer)               Turns: 2534, Time: 00:05:18

Health: -1/40      AC:  7    Str: 11    XL:     5   Next: 69%
Magic:  14/14      EV: 10    Int: 13    God:    Elyvilon [......]
Gold:   178        SH:  0    Dex: 15    Spells: 4/4 levels left

rFire   . . .      SeeInvis .   a - +0 rapier
rCold   . . .      Faith    .   (no shield)
rNeg    . . .      Spirit   .   h - +0 ring mail
rPois   .          Reflect  .   (no helmet)
rElec   .          Harm     .   (no cloak)
rCorr   .          Rampage  .   f - +0 pair of gloves
Will    .....                   g - +0 pair of boots
Stlth   +.........              (no amulet)
HPRegen 0.13/turn               M - ring of magical power
MPRegen 0.14/turn               (no ring)

@: no status effects
A: no striking features
a: Renounce Religion


You were on level 4 of the Dungeon.
You worshipped Elyvilon.
Elyvilon was noncommittal.
You visited 2 branches of the dungeon, and saw 4 of its levels.

You collected 178 gold pieces.

Inventory:

Hand Weapons
 a - a +0 rapier (weapon)
 b - a +0 falchion
Armour
 f - a +0 pair of gloves (worn)
 g - a +0 pair of boots (worn)
 h - a +0 ring mail (worn)
Jewellery
 M - a ring of magical power (left hand)
Potions
 c - a potion of resistance
 l - 3 potions of flight


   Skills:
 + Level 2.8 Fighting
 - Level 3.0(3.7) Short Blades
 + Level 3.3(3.9) Long Blades
 - Level 2.0 Armour
 - Level 2.0 Dodging
 - Level 1.0 Stealth
 - Level 3.0 Evocations


You had 4 spell levels left.
You didn't know any spells.
Your spell library contained the following spells:

 Spells                   Type           Power      Damage    Failure   Level
 Stone Arrow              Conj/Erth      0%         3d7       91%         3
 Animate Armour           Summ/Erth      0%         N/A       100%        4
 Lehudib's Crystal Spear  Conj/Erth      0%         10d2      100%        8


Dungeon Overview and Level Annotations

Branches:
Dungeon (4/15)             Temple (1/1) D:4

Altars:
Ashenzari
Cheibriados
Dithmenos
Elyvilon
Fedhas
Gozag
Hepliaklqana
Kikubaaqudgha
Makhleb
Nemelex Xobeh
Okawaru
Qazlal
Ru
Sif Muna
Trog
Uskayaw
Vehumet
Wu Jian
Xom
Yredelemnul
Zin


Message History

The gnoll sergeant is lightly wounded.
The gnoll sergeant hits you with a +2 vorpal spear.
* * * LOW HITPOINT WARNING * * *
x2 You hit the gnoll sergeant but do no damage.
The gnoll sergeant is lightly wounded.
The gnoll sergeant hits you but does no damage.
You barely miss the gnoll sergeant.
The gnoll sergeant is lightly wounded.
The gnoll sergeant hits you but does no damage.
You hit the gnoll sergeant.
The gnoll sergeant is lightly wounded.
The gnoll sergeant hits you with a +2 vorpal spear!
* * * LOW HITPOINT WARNING * * *
x2 You barely miss the gnoll sergeant.
The gnoll sergeant is lightly wounded.
The gnoll sergeant hits you but does no damage.
You feel better.
The gnoll sergeant hits you but does no damage.
It was a potion of flight.
Your roots keep you in place.
The gnoll sergeant hits you but does no damage.
Okay, then.
You aren't carrying any scrolls.
You barely miss the gnoll sergeant.
The gnoll sergeant is lightly wounded.
You feel less wooden.
Your +0 pair of gloves unmelds from your body.
Your +0 pair of boots unmelds from your body.
Your +0 ring mail unmelds from your body.
The gnoll sergeant hits you with a +2 vorpal spear.
* * * LOW HITPOINT WARNING * * *
x2 You hit the gnoll sergeant but do no damage.
The gnoll sergeant is lightly wounded.
The gnoll sergeant barely misses you.
You hit the gnoll sergeant.
The gnoll sergeant is lightly wounded.
The gnoll sergeant barely misses you.
You puncture the gnoll sergeant!
The gnoll sergeant is heavily wounded.
The gnoll sergeant hits you with a +2 vorpal spear.
You die...

.............#.###
.g...............
.#..#...###.#.# #
...............########.#
..............[...S.....#
####.....###...########.#
####..#..).g# .. #
........#g# .#
#.....####@##.###.
+.................
#.....####..#.#### ..
..#....# #.##..######..
#####.#...........
........#..#####..#
........#....# #..#
........#..#.# #..


You could see a gnoll sergeant and a gnoll.

Vanquished Creatures
  A scorpion (D:4)
  2 gnolls (D:4)
  An adder (D:2)
  2 worms
  A dart slug (D:1)
  3 ball pythons
  3 endoplasms
  4 giant cockroaches
  8 goblins
  5 hobgoblins
  A jackal (D:2)
  2 quokkas
  6 bats
  3 frilled lizards
  3 kobolds
  5 rats
50 creatures vanquished.

Vanquished Creatures (collateral kills)
  2 gnolls (D:4)
2 creatures vanquished.

Grand Total: 52 creatures vanquished

Notes
Turn   | Place    | Note
-------+----------+-------------------------------------------
     0 | D:1      | Armakuni the Human Wanderer began the quest for the Orb.
     0 | D:1      | Armakuni set off with the following items: a +0 rapier, a
                  | +0 falchion, a wand of flame (6), a potion of
                  | lignification, a +0 robe
     0 | D:1      | Reached XP level 1. HP: 15/15 MP: 1/1
    61 | D:1      | Reached XP level 2. HP: 15/21 MP: 2/2
   147 | D:1      | Found a faded altar of an unknown god.
   547 | D:1      | Reached XP level 3. HP: 8/24 MP: 3/3
  1705 | D:2      | Reached XP level 4. HP: 22/34 MP: 4/4
  1938 | D:2      | You fall into a shaft and drop 2 floors!
  1938 | D:4      | Found a staircase to the Ecumenical Temple.
  1947 | Temple   | Entered the Ecumenical Temple
  2218 | Temple   | Became a worshipper of Elyvilon the Healer
  2276 | D:4      | Noticed a scorpion
  2284 | D:4      | Killed a scorpion
  2285 | D:4      | Reached skill level 1 in Armour
  2285 | D:4      | Reached skill level 1 in Dodging
  2285 | D:4      | Reached XP level 5. HP: 39/39 MP: 5/5
  2527 | D:4      | HP: 2/60 [gnoll sergeant/+2 vorpal spear (7)]
  2534 | D:4      | Slain by a gnoll sergeant

Illustrated notes

Levels and vault maps discovered:
D:1:      minmay_arrival_semitransparent, layout_basic,
          ebering_ecumenical_altar_box, lemuel_another_geyser
D:2:      layout_loops_ring, minmay_joined_circles
D:4:      layout_basic, minmay_temple_entry_slanted, grunt_ministairs_15,
          uniq_natasha
Temple:   nicolae_temple_the_god_donut

Skill      XL: |  1  2  3  4  5 |
---------------+----------------+-----
Fighting       | 2 |  2.8
Long Blades    | 3 |  3.3
Armour         | 1 2 |  2.0
Dodging        | 1 2 |  2.0
Short Blades   | |  3.0
Stealth        | |  1.0
Evocations     | |  3.0

Action                   |  1- 3 |  4- 6 || total
-------------------------+-------+-------++-------
Melee: Rapier            |   111 |    70 ||   181
       Punch             |     3 |     1 ||     4
Evoke: Wand              |       |     6 ||     6
  Use: Potion            |     1 |     4 ||     5
       Scroll            |       |     8 ||     8
 Stab: Sleeping          |     1 |       ||     1
Armor: Robe              |    37 |     3 ||    40
       Skin              |       |    10 ||    10
       Ring mail         |       |     4 ||     4
Dodge: Dodged            |    67 |    29 ||    96

Table legend: (Time is in decaauts)
 A = Elapsed time spent in this place.
 B = Non-inter-level travel time spent in this place.
 C = Inter-level travel time spent in this place.
 D = Time resting spent in this place.
 E = Time spent auto-exploring this place.
 F = Levels seen in this place.
 G = Mean time per level.
                   A        B        C        D        E       F      G
               +--------+--------+--------+--------+--------+-----+--------+
         Total |   2538 |   2471 |     67 |    594 |   1265 |   4 |  634.5 |
       Dungeon |   2244 |   2198 |     46 |    594 |   1039 |   3 |  748.0 |
        Temple |    293 |    272 |     21 |      0 |    226 |   1 |  293.0 |
               +--------+--------+--------+--------+--------+-----+--------+

Top non-repeatable levels by time:
     D:1: 1616 daAuts
     D:2: 325 daAuts
     D:4: 302 daAuts
  Temple: 293 daAuts
